 Dungeon Crawl Stone Soup version 0.29-a0-993-g4a18f31a58 (webtiles) character file.

Game seed: 1770221545905218638

747 Newt the Insei (level 7, 0/44 HPs)
             Began as an Octopode Transmuter on Aug 1, 2022.
             Slain by a gnoll
             ... wielding a +0 spear
             ... led by a gnoll sergeant
              (5 damage)
             ... on level 4 of the Dungeon on Aug 2, 2022.
             The game lasted 00:07:16 (3882 turns).

Newt the Insei (Octopode Transmuter)                Turns: 3882, Time: 00:07:17

Health: 0/44       AC:  1    Str: 11    XL:     7   Next: 77%
Magic:  9/11       EV: 13    Int: 15    God:
Gold:   166        SH:  0    Dex: 13    Spells: 9/12 levels left

rFire   . . .      SeeInvis +     - Unarmed
rCold   . . .      Faith    .   (no shield)
rNeg    . . .      Spirit   .   (helmet currently unavailable)
rPois   .          Reflect  .   (no amulet)
rElec   .          Harm     .   c - ring of flight
rCorr   .          Rampage  .   d - ring of see invisible
Will    .....                   (no ring)
Stlth   +++.......              (no ring)
HPRegen 0.14/turn               (no ring)
MPRegen 0.12/turn               (no ring)
                                (no ring)
                                (no ring)

@: lethally poisoned (0 -> -5), appendages, wereblooded, flying
A: tentacle spike 3, almost no armour, amphibious, 8 rings, camouflage 1,
gelatinous body 1, (nimble swimmer 1), tentacles
a: End Transformation


You were on level 4 of the Dungeon.
One of your tentacles had grown a beastly spike.
You visited 1 branch of the dungeon, and saw 4 of its levels.

You collected 218 gold pieces.
You spent 52 gold pieces at shops.

Inventory:

Hand Weapons
 a - a +2 whip of flaming
Jewellery
 c - a ring of flight (left tentacle)
 d - a ring of see invisible (right tentacle)
Scrolls
 g - a scroll of butterflies
 j - 2 scrolls of noise {unknown}
 k - a scroll of torment {unknown}
 m - a scroll of enchant weapon {unknown}
Potions
 b - a potion of cancellation
 e - 2 potions of heal wounds {unknown}
 f - 2 potions of might
 h - a potion of magic
 i - a potion of ambrosia {unknown}
 l - a potion of curing {unknown}


   Skills:
 + Level 1.8 Fighting
 + Level 2.8 Dodging
 + Level 3.0 Stealth
 + Level 5.5 Unarmed Combat
 + Level 3.0 Spellcasting
 + Level 3.4 Transmutations
 * Level 2.9 Poison Magic
 * Level 3.3 Evocations


You had 9 spell levels left.
You knew the following spells:

 Your Spells              Type           Power      Damage    Failure   Level
a - Beastly Appendage     Tmut           24%        N/A       4%          1
b - Wereblood             Tmut           12%        N/A       8%          2

Your spell library contained the following spells:

 Spells                   Type           Power      Damage    Failure   Level
 Sting                    Tmut/Pois      44%        1d5       5%          1
 Poisonous Vapours        Pois/Air       12%        N/A       16%         2
 Spider Form              Tmut/Pois      11%        N/A       16%         3
 Freeze                   Ice            8%         1d3       21%         1
 Frozen Ramparts          Ice            4%         1d8       52%         3
 Summon Guardian Golem    Hex/Summ       2%         N/A       52%         3
 Olgreb's Toxic Radiance  Pois           11%        N/A       52%         4
 Ice Form                 Ice/Tmut       7%         N/A       69%         4
 Hailstorm                Conj/Ice       2%         3d3       89%         4
 Passage of Golubria      Tloc           2%         N/A       89%         4
 Silence                  Hex/Air        1%         N/A       99%         5
 Orb of Destruction       Conj           1%         9d5       100%        7
 Spellforged Servitor     Conj/Summ      1%         N/A       100%        7
 Lehudib's Crystal Spear  Conj/Erth      1%         10d2      100%        8


Dungeon Overview and Level Annotations

Branches:
Dungeon (4/15)
 Temple: D:4-7

Altars:
Uskayaw

Shops:
D:1 *

Annotations:
D:1 1 runed translucent door


Innate Abilities, Weirdness & Mutations

One of your tentacles has grown a beastly spike.
You cannot wear most types of armour.
You are amphibious.
You can wear up to eight rings at the same time.
Your skin changes colour to match your surroundings (Stealth+).
Your rubbery body absorbs attacks. (AC +1, EV +1)
((You are camouflaged when in or above water. (Stealth+)))
You have tentacles for arms and can constrict up to eight enemies at once.


Message History

You pick up a book of the Moon and begin reading...
You add the spells Passage of Golubria, Silence and Lehudib's Crystal Spear to your library.
A gnoll comes into view. It is wielding a +0 flail.
A gnoll sergeant and a gnoll come into view.
The gnoll is wielding a +0 spear and quivering poisoned darts.
The gnoll sergeant shouts!
The gnoll shouts!
You hear a shout! x2
A gnoll comes into view.
It is wielding a +2 flail of protection.
The dart slug bites you but does no damage.
The gnoll shouts! x2
You tentacle-slap the dart slug. Your grab misses the dart slug.
You squeeze the dart slug!
You kill the dart slug!
The gnoll throws a poisoned dart.
The poisoned dart barely misses you.
Casting: Wereblood (safe; 8% risk of failure)
Confirm with . or Enter, or press ? or * to list all spells.
One of your tentacles grows a vicious spike.
Casting: Beastly Appendage (safe; 4% risk of failure)
Confirm with . or Enter, or press ? or * to list all spells.
Your blood is infused with primal strength.
The gnoll sergeant hits you from afar with a +0 spear!
The gnoll misses you.
The gnoll throws a poisoned dart.
The poisoned dart hits you!
You are poisoned.
You feel very sick. The gnoll sergeant misses you.
The gnoll hits you with a +0 spear.
Unknown command.
The gnoll attacks as you move away! The gnoll completely misses you.
The gnoll attacks as you move away! The gnoll closely misses you.
You feel sick. The gnoll sergeant closely misses you.
The gnoll hits you from afar with a +0 spear!
* * * LOW HITPOINT WARNING * * *
Read: 2 scrolls of butterflies
Press: ? - help, Q - select action, (/) - cycle Dir - look around, f - activate
As you read the scroll of butterflies, it crumbles to dust.
You hear the tinkle of a tiny bell.
You feel sick.
The gnoll sergeant hits you with a +0 spear.
* * * LOW HITPOINT WARNING * * *
The gnoll hits you from afar with a +0 spear.
You die...

.#......##...............#
.........##..............#
...#...#................#
.......#..#............#
................#......#
#..........g....#.....#
............bg##......#
.......###..gg##b##...#
##..#.. #..bg@b###...#
#..##. #...bb####....# .#
#......bb##..#...#
...........###...#
.........#. #..[#
.#####.##..# #...# #.
#####...# ## #.#....#
###.....#


You could see a gnoll sergeant (ally target) and 4 gnolls.

Vanquished Creatures
  Pikel (D:4)
  An ogre (D:4)
  A lemure (D:4)
  An orc priest (D:4)
  Jessica (D:3)
  An orc wizard (D:4)
  6 adders
  2 worms (D:3)
  A dart slug (D:4)
  7 orcs
  A ball python (D:1)
  9 bats
  5 endoplasms
  2 giant cockroaches
  4 goblins
  2 hobgoblins
  6 jackals
  7 kobolds
  2 quokkas (D:2)
  3 frilled lizards (D:2)
  2 rats (D:2)
65 creatures vanquished.

Notes
Turn   | Place    | Note
-------+----------+-------------------------------------------
     0 | D:1      | Newt the Octopode Transmuter began the quest for the Orb.
     0 | D:1      | Reached XP level 1. HP: 13/13 MP: 3/3
     1 | D:1      | Found a runed translucent door.
   260 | D:1      | Reached XP level 2. HP: 17/18 MP: 3/5
   284 | D:1      | Learned a level 2 spell: Wereblood
   402 | D:1      | Upgraded the game from 0.29-a0-982-gaed3a0c8d8 to
                  | 0.29-a0-993-g4a18f31a58
   585 | D:1      | Found a faded altar of an unknown god.
   597 | D:1      | Found Weshen's General Store.
   608 | D:1      | Bought a scroll of identify for 26 gold pieces
   624 | D:1      | Bought a scroll of identify for 26 gold pieces
  1131 | D:2      | Reached XP level 3. HP: 11/23 MP: 0/6
  1559 | D:2      | Reached skill level 1 in Stealth
  1635 | D:2      | Reached skill level 1 in Evocations
  1635 | D:2      | Reached XP level 4. HP: 16/28 MP: 5/7
  1853 | D:2      | Reached skill level 4 in Unarmed Combat
  2298 | D:3      | Noticed Jessica
  2313 | D:3      | Killed Jessica
  2368 | D:3      | Reached XP level 5. HP: 31/33 MP: 4/8
  2647 | D:3      | Found a hide-covered altar of Uskayaw.
  3024 | D:4      | Noticed an ogre
  3195 | D:4      | Noticed a lemure
  3200 | D:4      | Noticed Pikel
  3202 | D:4      | Noticed a lemure
  3208 | D:4      | Noticed a lemure
  3209 | D:4      | Killed a lemure
  3209 | D:4      | Noticed a lemure
  3215 | D:4      | Reached skill level 1 in Poison Magic
  3225 | D:4      | HP: 2/49 [Pikel/+2 whip of flaming (4)]
  3226 | D:4      | Killed Pikel
  3227 | D:4      | Reached skill level 5 in Unarmed Combat
  3227 | D:4      | Reached XP level 6. HP: 3/39 MP: 8/10
  3227 | D:4      | Reached XP level 7. HP: 4/44 MP: 8/11
  3882 | D:4      | Slain by a gnoll

Illustrated notes

Levels and vault maps discovered:
D:1:      dpeg_arrival_caged_fury, layout_loops_corners, basic_ecumenical_altar,
          serial_shops, shop_coins
D:2:      layout_basic
D:3:      layout_basic, nicolae_uskayaw_suspiria, st_stairs_2, uniq_jessica
D:4:      layout_layer_cave, guppyfry_early_orc_mine, uniq_pikel, uniq_grinder

Skill      XL: |  1  2  3  4  5  6  7 |
---------------+----------------------+-----
Stealth        | 1 2 3 |  3.0
Evocations     | 1 3 |  3.3
Unarmed Combat | 4 5 |  5.5
Poison Magic   | 2 |  2.9
Transmutations | 3 |  3.4
Spellcasting   | 3 |  3.0
Fighting       | |  1.8
Dodging        | |  2.8

Action                   |  1- 3 |  4- 6 |  7- 9 || total
-------------------------+-------+-------+-------++-------
Melee: Unarmed           |    68 |    81 |    13 ||   162
       Constrict         |    14 |    17 |     1 ||    32
       Kick              |     6 |    17 |       ||    23
       Tentacles         |    10 |     8 |     4 ||    22
       Punch             |     1 |     1 |       ||     2
 Cast: Beastly Appendage |     5 |    10 |     2 ||    17
       Wereblood         |     1 |     6 |     2 ||     9
  Use: Scroll            |     1 |     3 |     1 ||     5
       Potion            |       |     1 |       ||     1
 Stab: Sleeping          |     7 |     3 |       ||    10
Armor: Skin              |     8 |    12 |     3 ||    23
Dodge: Dodged            |    54 |    34 |    11 ||    99

Table legend: (Time is in decaauts)
 A = Elapsed time spent in this place.
 B = Non-inter-level travel time spent in this place.
 C = Inter-level travel time spent in this place.
 D = Time resting spent in this place.
 E = Time spent auto-exploring this place.
 F = Levels seen in this place.
 G = Mean time per level.
                   A        B        C        D        E       F      G
               +--------+--------+--------+--------+--------+-----+--------+
         Total |   3869 |   3818 |     51 |    670 |   2629 |   4 |  967.2 |
       Dungeon |   3869 |   3818 |     51 |    670 |   2629 |   4 |  967.2 |
               +--------+--------+--------+--------+--------+-----+--------+

Top non-repeatable levels by time:
     D:1: 1118 daAuts
     D:2: 1114 daAuts
     D:4: 826 daAuts
     D:3: 810 daAuts
